 Dungeon Crawl Stone Soup version 0.30.1-1-g62c8e00024 (webtiles) character file.

Game seed: 2029048064257420111

249896 alhimik the Brawler (level 18, -18/193 HPs)
             Began as a Troll Fighter on July 15, 2023.
             Was the Champion of Nemelex Xobeh.
             Demolished by a titanic slime creature (60 damage)
             ... on level 3 of the Vaults.
             The game lasted 02:39:23 (35668 turns).

alhimik the Brawler (Troll Fighter)                Turns: 35668, Time: 02:39:23

Health: -18/193    AC: 21    Str: 35    XL:     18   Next: 89%
Magic:  12/25      EV: 14    Int:  4    God:    Nemelex Xobeh [******]
Gold:   1777       SH: 20    Dex: 15    Spells: 17/17 levels left

rFire   + .          .
                       - Unarmed
rCold   + . .        O - +3 kite shield {AC+3}
rNeg    + . .        u - quicksilver dragon scales
rPois   +            w - +1 hat of Autumn {*Corrode Will++ Dex+2 Stlth+}
rElec   .            X - +2 cloak {rPois}
rCorr   +            (gloves unavailable)
SInv    .            (boots unavailable)
Will    +++..        I - amulet of Imopuim {Reflect +Inv Fly rF+ Will- rCorr SH+5}
Stlth   ++           C - ring of Hard Scrabble {rC+ rN+ Dex+4}
HPRegen 1.32/turn    Q - +4 ring of slaying
MPRegen 0.19/turn

%: corrode self (3%), reflection
@: about to teleport, marked, frozen, flying, studying Translocations, very slow
A: large, unfitting armour, claws 3, regeneration 1, shaggy fur 1, tough skin 1
}: 2/15 runes: decaying, gossamer
a: Renounce Religion, Evoke Invisibility, Draw Escape, Draw Destruction, Draw
Summoning, Triple Draw, Deal Four, Stack Five


You were on level 3 of the Vaults.
You worshipped Nemelex Xobeh.
Nemelex Xobeh was exalted by your worship.
You visited 7 branches of the dungeon, and saw 34 of its levels.
You visited 1 bazaar.
You also visited: Gauntlet.

You collected 3785 gold pieces.
You spent 2008 gold pieces at shops.

Inventory:

Hand Weapons
 h - a +6 sling of flaming
 T - a +0 scimitar of flaming
Missiles
 j - 15 datura-tipped darts
 x - 4 curare-tipped darts
 z - 18 boomerangs (quivered)
 A - 4 silver boomerangs
 D - 62 poisoned darts
 L - 4 silver javelins
 M - 17 javelins
 U - 3 throwing nets
Armour
 g - a +1 robe of cold resistance
 u - quicksilver dragon scales (worn)
 w - the +1 hat of Autumn (worn) {*Corrode Will++ Dex+2 Stlth+}
   (You found it in a Gauntlet)

   Dex:       It affects your dexterity (+2).
   *Corrode:  It may corrode you when you take damage.
   Will:      It greatly increases your willpower.
   Stlth:     It makes you more stealthy.
 y - +2 fire dragon scales
 F - the +1 robe of the Damp Catamount {rElec}
   (You found it on level 1 of the Vaults)

   rElec:     It insulates you from electricity.
 O - a +3 kite shield of protection (worn)
 X - a +2 cloak of poison resistance (worn)
Jewellery
 n - a +4 ring of protection
 p - a ring of positive energy
 t - a ring of see invisible
 C - the ring of Hard Scrabble (left claw) {rC+ rN+ Dex+4}
   (You found it on level 3 of the Swamp)

   [ring of positive energy]

   Dex:       It affects your dexterity (+4).
   rC:        It protects you from cold.
   rN:        It protects you from negative energy.
 I - the amulet of Imopuim (around neck) {Reflect +Inv Fly rF+ Will- rCorr SH+5}
   (You bought it in a shop on level 14 of the Dungeon)

   [amulet of reflection]

   It reflects blocked missile attacks.
   rF:        It protects you from fire.
   +Inv:      It lets you turn invisible.
   Fly:       It grants you flight.
   rCorr:     It protects you from acid and corrosion.
   SH:        It affects your SH (+5).
   Will:      It decreases your willpower.
 Q - a +4 ring of slaying (right claw)
 S - a ring of protection from fire
Wands
 H - a wand of light (16)
 J - a wand of roots (6)
 P - a wand of flame (26)
 R - a wand of digging (19)
Scrolls
 b - 3 scrolls of butterflies
 d - 10 scrolls of fog
 f - 6 scrolls of fear
 k - 11 scrolls of teleportation
 m - 9 scrolls of magic mapping
 o - 2 scrolls of silence
 s - 5 scrolls of blinking
 B - 6 scrolls of identify
 E - a scroll of enchant armour
 G - 9 scrolls of poison
Potions
 a - 5 potions of ambrosia
 c - 10 potions of might
 e - 18 potions of curing
 i - 12 potions of heal wounds
 l - 3 potions of berserk rage
 q - 5 potions of cancellation
 r - 7 potions of haste
 v - 9 potions of lignification
 K - 2 potions of invisibility
Miscellaneous
 N - a phial of floods
 Y - a lightning rod (4/4)


   Skills:
 - Level 15.0 Fighting
 - Level 8.0 Throwing
 * Level 8.5 Armour
 * Level 12.9 Dodging
 - Level 11.0 Shields
 - Level 15.0 Unarmed Combat
 - Level 11.0 Invocations
 + Level 7.9 Evocations


You had 17 spell levels left.
You didn't know any spells.
Your spell library contained the following spells:

 Spells                   Type           Power      Damage    Failure   Level
 Apportation              Tloc           0%         N/A       73%         1
 Foxfire                  Conj/Fire      0%         2x1d4     73%         1
 Kiss of Death            Conj/Necr      0%         2d5       73%         1
 Magic Dart               Conj           0%         1d3       73%         1
 Sandblast                Erth           0%         2d4       73%         1
 Summon Small Mammal      Summ           0%         N/A       73%         1
 Cigotuvi's Dreadful Rot  Necr/Pois/Air  0%         N/A       86%         2
 Passwall                 Tmut/Erth      0%         N/A       86%         2
 Searing Ray              Conj           0%         2d4       86%         2
 Call Canine Familiar     Summ           0%         N/A       97%         3
 Confusing Touch          Hex            0%         N/A       97%         3
 Frozen Ramparts          Ice            0%         1d1       97%         3
 Hailstorm                Conj/Ice       0%         3d3       97%         3
 Inner Flame              Hex/Fire       0%         N/A       97%         3
 Stone Arrow              Conj/Erth      0%         3d7       97%         3
 Summon Guardian Golem    Hex/Summ       0%         N/A       97%         3
 Vhi's Electric Charge    Tloc/Air       0%         N/A       97%         3
 Anguish                  Hex/Necr       0%         N/A       100%        4
 Cause Fear               Hex            0%         N/A       100%        4
 Dispel Undead            Necr           0%         3d6       100%        4
 Flame Wave               Conj/Fire      0%         2d4       100%        4
 Fulminant Prism          Conj/Hex       0%         3d5       100%        4
 Ice Form                 Ice/Tmut       0%         N/A       100%        4
 Leda's Liquefaction      Hex/Erth       0%         N/A       100%        4
 Sticky Flame             Conj/Fire      0%         2d3       100%        4
 Summon Ice Beast         Ice/Summ       0%         N/A       100%        4
 Alistair's Intoxication  Tmut/Pois      0%         N/A       100%        5
 Arcjolt                  Conj/Air       0%         1d10      100%        5
 Fireball                 Conj/Fire      0%         3d3       100%        5
 Lee's Rapid Deconstruct  Erth           0%         3d4*      100%        5
 Summon Mana Viper        Hex/Summ       0%         N/A       100%        5
 Death Channel            Necr           0%         N/A       100%        6
 Plasma Beam              Fire/Air       0%         2x1d11    100%        6
 Simulacrum               Ice/Necr       0%         N/A       100%        6
 Starburst                Conj/Fire      0%         6d3       100%        6
 Statue Form              Tmut/Erth      0%         N/A       100%        6
 Dragon Form              Tmut           0%         N/A       100%        7
 Enfeeble                 Hex            0%         N/A       100%        7
 Monstrous Menagerie      Summ           0%         N/A       100%        7
 Dragon's Call            Summ           0%         N/A       100%        9


Dungeon Overview and Level Annotations

Branches:
Dungeon (15/15)            Temple (1/1) D:7            Lair (5/5) D:11
  Swamp (4/4) Lair:3       Spider (4/4) Lair:3        Slime (0/5) Lair:4
    Orc (2/2) D:9             Elf (0/3) Orc:2        Vaults (3/5) D:14
  Crypt (0/3) Vaults:3     Depths (0/4) D:15        Gauntlet (visited)

Altars:
Ashenzari
Cheibriados
Dithmenos
Elyvilon
Fedhas
Gozag
Hepliaklqana
Kikubaaqudgha
Makhleb
Nemelex Xobeh
Okawaru
Qazlal
Ru
Sif Muna
Trog
Uskayaw
Vehumet
Wu Jian
Xom
Yredelemnul
Zin
The Shining One
Jiyva

Shops:
D:7 *   D:10 !   D:11 *   D:14 *   Orc:2 ([!***   Vaults:2 =   Vaults:3 **!*

Annotations:
Vaults:2 1 runed translucent door


Innate Abilities, Weirdness & Mutations

You are too large for most types of armour.
You have claws for hands.
Your natural rate of healing is unusually fast.
You are covered in fur. (AC +1)
You have tough skin. (AC +1)


Message History

Alhimik's illusion hits the titanic slime creature!
The titanic slime creature closely misses alhimik's illusion.
The ironbound frostheart calls freezing cold from the walls.
The frost grips you! You resist.
* * * LOW HITPOINT WARNING * * *
The frost grips alhimik's illusion!
Alhimik's illusion resists.
You block the vault sentinel's attack.
As you read the scroll of teleportation, it crumbles to dust.
You feel strangely unstable.
Alhimik's illusion hits the titanic slime creature!!
The titanic slime creature hits alhimik's illusion!!!!
Alhimik's illusion dies!
Alhimik's illusion shimmers and vanishes!
The vault sentinel points at you and mumbles some strange words.
You resist with some effort.
Throw: 18 boomerangs
Press: ? - help, Q - select action, (/) - cycle Shift-Dir - straight line, f - titanic slime creature, p - vault sentinel
Aim: a titanic slime creature (almost dead, 87% to hit)
You throw a boomerang.
The boomerang hits the titanic slime creature.
The titanic slime creature is almost dead.
The ice encasing you melts away.
The vault sentinel blows a loud note on a signal horn!
Throw: 18 boomerangs
Press: ? - help, Q - select action, (/) - cycle Shift-Dir - straight line, f/p - titanic slime creature
Aim: a titanic slime creature (almost dead, 87% to hit)
You throw a boomerang.
The boomerang closely misses the vault sentinel.
The boomerang barely misses the titanic slime creature.
The ironbound frostheart calls freezing cold from the walls.
The frost grips you! You resist.
* * * LOW HITPOINT WARNING * * *
You are encased in ice.
You block the vault sentinel's attack.
You scratch the titanic slime creature but do no damage.
The titanic slime creature is almost dead.
The titanic slime creature hits you!!!
You die...
Your body glows with a rainbow of weird colours and disappears.

##. #.. #.#
####### #
#.. #.....
.# ##.
#.... ..#
##
#...##...#
# #.#p...#
#.@J##ยง..#
#...p....#
##########


You could see a titanic slime creature, an ironbound frostheart and a vault
sentinel (catching breath).

Vanquished Creatures
  the Lernaean hydra (Swamp:4)
  Arachne (Spider:3)
  Rupert (D:14)
  Jorgrun (D:14)
  A lich (Vaults:3)
  A sphinx (Vaults:3)
  Gastronok (Lair:3)
  A revenant (Vaults:3)
  A fenstrider witch (Swamp:2)
  3 vault wardens
  A fire giant (Vaults:1)
  9 emperor scorpions
  The ghost of Foxy the Peltast, an adept GrFi of the Shining One (Swamp:3)
  Aizul (Spider:1)
  A ghost moth (Spider:4)
  An orc warlord (Vaults:3)
  5 ironbound preservers
  A broodmother (Spider:3)
  2 ironbound thunderhulks
  Nessos (D:14)
  4 very ugly things
  The ghost of Fractals the Party-goer, a journeyman DrBr of Uskayaw (Lair:5)
  An eleionoma (Swamp:3)
  9 dire elephants
  2 spark wasps
  A wendigo (Spider:1)
  3 bunyips
  An eidolon (Vaults:3)
  5 entropy weavers
  A shambling mangrove (Swamp:2)
  2 great orbs of eyes
  An ice dragon (Spider:1)
  6 yaktaur captains
  An ogre mage (Vaults:1)
  6 ironbound frosthearts
  Erica (Lair:1)
  3 centaur warriors
  3 vault guards
  A jorogumo (Spider:4)
  17 hydras
  A radroach (Spider:4)
  6 boulder beetles
  A ghost crab (Swamp:4)
  6 catoblepae
  2 two-headed ogres (D:13)
  A death knight (Vaults:3)
  11 death yaks
  9 alligators
  A death scarab (Spider:4)
  Urug (Lair:3)
  A vampire mage (D:15)
  A deep troll earth mage (Vaults:3)
  2 spriggans
  5 skeletal warriors
  A spectral bunyip (Swamp:3)
  A shadow wraith (Vaults:3)
  A spectral death yak (Lair:5)
  A skyshark (Lair:3)
  A fire crab (Gauntlet)
  5 pharaoh ants
  8 orb spiders
  A sun moth (Spider:4)
  5 deep trolls (Vaults:2)
  5 goliath frogs
  2 spriggan druids
  A tengu zombie (D:15)
  A bog body (Swamp:1)
  4 lindwurms
  A wizard (Vaults:2)
  7 orc knights
  7 steelbarb worms
  A spectral hydra (Swamp:3)
  8 swamp dragons
  3 deep elf pyromancers
  7 ironbound convokers
  A necromancer (D:15)
  2 orc sorcerers
  18 wolf spiders
  2 harpies
  3 will-o-the-wisps
  A cyclops (D:14)
  6 manticores
  15 ugly things
  2 moths of wrath
  14 elephants
  5 vault sentinels
  8 black mambas
  5 demonic crawlers
  6 torpor snails
  3 gargoyles
  A cane toad (shapeshifter) (D:14)
  19 yaktaurs
  A rime drake (Lair:5)
  7 komodo dragons
  10 cane toads
  2 efreet
  A freezing wraith (D:15)
  A spriggan skeleton (D:15)
  5 trolls
  7 hornets
  14 blink frogs
  10 tyrant leeches
  14 dream sheep
  5 polar bears
  28 tarantellas
  A spectral dream sheep (Lair:5)
  A spectral black mamba (Lair:5)
  A spriggan zombie (D:15)
  13 culicivoras
  31 jumping spiders
  3 slime creatures
  A wraith (D:12)
  A vampire (D:13)
  9 basilisks
  7 humans
  48 yaks
  A golden eye (Lair:2)
  A hog (Vaults:3)
  3 wyverns
  4 fire bats (Gauntlet)
  A golden eye (shapeshifter) (D:13)
  3 steam dragons
  12 vampire mosquitoes
  3 wargs
  51 redbacks
  A death yak simulacrum (Lair:5)
  A spectral cane toad (Lair:5)
  15 swamp worms
  A hydra simulacrum (Swamp:3)
  A human skeleton (D:15)
  An acid dragon (D:7)
  A floating eye (Spider:1)
  5 water moccasins
  3 hell hounds (Gauntlet)
  32 orc warriors
  An ice beast (D:7)
  6 swamp drakes
  3 black bears
  3 ogres
  2 boggarts (D:15)
  22 wolves
  10 centaurs
  2 lemures (D:5)
  A phantom (D:5)
  5 kobold brigands
  9 bullfrogs
  2 gnoll sergeants
  5 scorpions
  15 killer bees
  6 howler monkeys
  9 electric eels
  2 hounds
  9 orc priests
  4 jellies
  A gnoll bouda (D:7)
  Crazy Yiuf (D:7)
  Jessica (D:3)
  9 iguanas
  2 sleepcaps
  18 orc wizards
  11 adders
  20 gnolls
  4 shadow imps
  An ufetubus (D:6)
  3 worms
  4 dart slugs
  60 orcs
  8 bats
  7 endoplasms
  A giant cockroach (D:1)
  8 goblins
  6 hobgoblins
  A hobgoblin (shapeshifter) (D:14)
  2 jackals (D:2)
  18 kobolds
  6 quokkas
  9 ball pythons
  A frilled lizard (D:2)
  5 rats
1018 creatures vanquished.

Vanquished Creatures (collateral kills)
  A hellephant (Swamp:4)
  Roxanne (D:14)
  A vault warden (Vaults:2)
  2 emperor scorpions (Spider:3)
  Louise (Spider:2)
  A very ugly thing (Vaults:2)
  A hydra (Swamp:4)
  An alligator (Swamp:2)
  A catoblepas (Lair:5)
  A two-headed ogre (D:11)
  2 boulder beetles (D:11)
  A swamp dragon (Swamp:4)
  A deep elf pyromancer (D:14)
  2 ugly things (Vaults:2)
  A manticore (D:15)
  An elephant (Lair:4)
  Joseph (D:7)
  A cane toad (Lair:5)
  A troll (D:11)
  A polar bear (Lair:4)
  A tarantella (Spider:2)
  10 dream sheep
  2 slime creatures (D:14)
  A jumping spider (Spider:1)
  A culicivora (Spider:1)
  A wraith (D:11)
  A yak (Lair:5)
  A redback (Spider:3)
  A vampire mosquito (Swamp:3)
  A water moccasin (Lair:5)
  A centaur (D:7)
  A jelly (D:7)
45 creatures vanquished.

Vanquished Creatures (others)
  A spectral spriggan (Swamp:3)
  Pikel (D:5)
  5 bloated husks
  2 vampire mosquitoes (Swamp:3)
  10 foxfires
19 creatures vanquished.

Grand Total: 1082 creatures vanquished

Notes
Turn   | Place    | Note
-------+----------+-------------------------------------------
     0 | D:1      | alhimik the Troll Fighter began the quest for the Orb.
     0 | D:1      | Reached XP level 1. HP: 22/22 MP: 0/0
    18 | D:1      | Found a faded altar of an unknown god.
    32 | D:1      | Got Plato's Verses on Lethal Striking
    72 | D:1      | Reached XP level 2. HP: 29/29 MP: 1/1
   480 | D:1      | You fall into a shaft and drop 1 floor!
   509 | D:2      | Reached XP level 3. HP: 25/36 MP: 2/2
  1129 | D:2      | Reached XP level 4. HP: 45/45 MP: 3/3
  1278 | D:3      | Found a sparkling altar of Nemelex Xobeh.
  1336 | D:3      | Became a worshipper of Nemelex Xobeh the Trickster
  1372 | D:3      | Noticed a black bear
  1381 | D:3      | Killed a black bear
  1382 | D:3      | Reached XP level 5. HP: 24/53 MP: 4/4
  1574 | D:3      | Noticed Jessica
  1581 | D:3      | Killed Jessica
  1690 | D:3      | Found a faded altar of an unknown god.
  1696 | D:3      | Found a glowing golden altar of the Shining One.
  1823 | D:3      | Found a sacrificial altar of Ru.
  1832 | D:3      | Reached XP level 6. HP: 61/61 MP: 5/5
  2215 | D:4      | Reached * piety under Nemelex Xobeh
  2549 | D:4      | Received a gift from Nemelex Xobeh
  2685 | D:4      | Found a bloodstained altar of Trog.
  2818 | D:5      | Entered Level 5 of the Dungeon
  2962 | D:5      | Reached XP level 7. HP: 70/70 MP: 6/6
  2981 | D:5      | Noticed Grinder
  2982 | D:5      | Grinder changed into Grinder the lemure
  2982 | D:5      | Noticed Grinder
  2989 | D:5      | Killed Grinder the lemure
  3123 | D:5      | Noticed Pikel
  3136 | D:5      | Killed Pikel
  3137 | D:5      | Reached skill level 5 in Fighting
  3137 | D:5      | Reached skill level 5 in Shields
  3137 | D:5      | Reached skill level 5 in Unarmed Combat
  3137 | D:5      | Reached XP level 8. HP: 34/80 MP: 7/7
  4059 | D:6      | Reached ** piety under Nemelex Xobeh
  4075 | D:6      | Found a blossoming altar of Fedhas.
  4118 | D:6      | Reached skill level 5 in Dodging
  4311 | D:6      | Reached XP level 9. HP: 89/89 MP: 8/8
  4480 | D:6      | Found a radiant altar of Vehumet.
  4918 | D:7      | Found a burning altar of Makhleb.
  4948 | D:7      | Found a runed translucent door.
  4949 | D:7      | Noticed Crazy Yiuf
  4980 | D:7      | Found a staircase to the Ecumenical Temple.
  5083 | D:7      | Found Gofaito's Assorted Antiques.
  5101 | D:7      | Bought 2 potions of curing for 150 gold pieces
  5304 | D:7      | Killed Crazy Yiuf
  5354 | D:8      | Noticed Joseph
  5367 | D:7      | Killed Joseph
  5668 | D:8      | Reached *** piety under Nemelex Xobeh
  5733 | D:8      | Found an iron altar of Okawaru.
  5870 | D:8      | Reached XP level 10. HP: 68/100 MP: 9/9
  6410 | D:9      | Received a gift from Nemelex Xobeh
  6498 | D:9      | Identified the +7 dagger of the Moon {holy, *Rage rPois rF+
                  | Dex+7}
  6706 | D:9      | Found a shadowy altar of Dithmenos.
  6867 | D:9      | Reached skill level 10 in Unarmed Combat
  7075 | D:8      | Found an ancient bone altar of Kikubaaqudgha.
  7186 | D:9      | Found a staircase to the Orcish Mines.
  7586 | D:10     | Entered Level 10 of the Dungeon
  7737 | D:10     | Reached **** piety under Nemelex Xobeh
  7773 | D:10     | Reached XP level 11. HP: 107/109 MP: 10/10
  7816 | D:10     | Found a white marble altar of Elyvilon.
  7894 | D:10     | Found an ornate altar of the Wu Jian Council.
  7905 | D:10     | Received a gift from Nemelex Xobeh
  7910 | D:10     | Found Ironijo's Distillery.
  7986 | D:10     | Bought a potion of invisibility for 96 gold pieces
  7986 | D:10     | Bought a potion of curing for 36 gold pieces
  7986 | D:10     | Bought a potion of curing for 36 gold pieces
  7986 | D:10     | Bought a potion of degeneration for 12 gold pieces
  7986 | D:10     | Bought a potion of flight for 36 gold pieces
  7986 | D:10     | Bought a potion of heal wounds for 60 gold pieces
  7986 | D:10     | Bought a potion of brilliance for 48 gold pieces
  8437 | D:11     | Received a gift from Nemelex Xobeh
  8442 | D:11     | Found an opulent altar of Gozag.
  8442 | D:11     | Found Gozag's Platinum Reserve.
  8459 | D:11     | Found a gate leading to a gauntlet.
  8462 | D:11     | Noticed a boulder beetle
  8468 | Gauntlet | Entered a Gauntlet
  8468 | Gauntlet | Found a transporter.
  8468 | Gauntlet | Found a transporter.
  8472 | Gauntlet | Found a transporter.
  8472 | Gauntlet | Found a transporter.
  8472 | Gauntlet | Found a transporter.
  8472 | Gauntlet | Noticed a death scarab
  8482 | Gauntlet | Found a transporter.
  8482 | Gauntlet | Noticed a catoblepas
  8486 | Gauntlet | Found a transporter.
  8493 | Gauntlet | Noticed a fire crab
  8496 | Gauntlet | Found a transporter.
  8496 | Gauntlet | Found a transporter.
  8496 | Gauntlet | Noticed a hell beast
  8590 | Gauntlet | Found a transporter.
  8598 | Gauntlet | Found a transporter.
  8602 | Gauntlet | Found a transporter.
  8690 | Gauntlet | Paralysed by a hornet for 2 turns
  8803 | Gauntlet | Killed a catoblepas
  8826 | Gauntlet | Identified the +1 hat of Autumn {*Corrode Will++ Dex+2
                  | Stlth+}
  8922 | Gauntlet | Killed a fire crab
  9008 | Gauntlet | Identified the ring "Utaetsul" {MP+9 Dex+6}
  9125 | Gauntlet | Identified the +9 plate armour of Paranoia {Rampage rC- rN+
                  | Slay+5}
  9125 | Gauntlet | Noticed a minotaur
  9138 | Gauntlet | a minotaur changed into a seven-headed hydra
  9138 | Gauntlet | Noticed a seven-headed hydra
  9143 | Gauntlet | HP: 5/111 [nine-headed hydra (6)]
  9144 | Gauntlet | Killed a nine-headed hydra
  9285 | D:11     | Noticed a boulder beetle
  9290 | D:11     | Noticed a boulder beetle
  9457 | D:11     | Killed a boulder beetle
  9457 | D:11     | Killed a boulder beetle
  9467 | D:11     | Killed a boulder beetle
  9485 | D:11     | Reached skill level 10 in Dodging
  9492 | D:11     | Noticed a two-headed ogre
  9495 | D:11     | Killed a two-headed ogre
  9496 | D:11     | Reached XP level 12. HP: 122/122 MP: 11/11
  9588 | D:11     | Received a gift from Nemelex Xobeh
  9725 | D:11     | Found a staircase to the Lair.
  9899 | Lair:1   | Entered Level 1 of the Lair of Beasts
 10089 | Lair:1   | Noticed Erica
 10257 | Lair:1   | Killed Erica
 10472 | Lair:1   | Reached ***** piety under Nemelex Xobeh
 10608 | Lair:1   | Reached skill level 1 in Invocations
 10690 | Lair:1   | Received a gift from Nemelex Xobeh
 10987 | Lair:2   | Received a gift from Nemelex Xobeh
 11043 | Lair:2   | Reached skill level 5 in Invocations
 11141 | Lair:2   | Noticed a six-headed hydra
 11158 | Lair:2   | Killed a one-headed hydra
 11426 | Lair:2   | Reached XP level 13. HP: 128/128 MP: 18/18
 12087 | Lair:3   | Received a gift from Nemelex Xobeh
 12088 | Lair:3   | Noticed Gastronok
 12134 | Lair:3   | Killed Gastronok
 12321 | Lair:3   | Reached skill level 10 in Invocations
 12409 | Lair:3   | Noticed Urug
 12420 | Lair:3   | Killed Urug
 12628 | Lair:3   | Received a gift from Nemelex Xobeh
 12644 | Lair:3   | Found a staircase to the Swamp.
 12799 | Lair:3   | Found a hole to the Spider Nest.
 12929 | Lair:3   | Reached skill level 1 in Throwing
 13508 | Lair:4   | Received a gift from Nemelex Xobeh
 13763 | Lair:4   | Found a runed translucent door.
 13764 | Lair:4   | Found a viscous altar of Jiyva.
 13766 | Lair:4   | Found a staircase to the Slime Pits.
 14074 | Lair:5   | Entered Level 5 of the Lair of Beasts
 14078 | Lair:5   | Reached skill level 1 in Armour
 14078 | Lair:5   | Reached XP level 14. HP: 140/140 MP: 21/21
 14086 | Lair:4   | Reached skill level 1 in Evocations
 14298 | Lair:5   | Found a runed translucent gate.
 14298 | Lair:5   | Found a runed translucent gate.
 14298 | Lair:5   | Found a runed translucent gate.
 14299 | Lair:5   | Noticed Fractals's ghost (journeyman DrBr)
 14582 | Lair:5   | Reached ****** piety under Nemelex Xobeh
 14620 | Lair:5   | Reached skill level 5 in Throwing
 14747 | Lair:5   | Received a gift from Nemelex Xobeh
 15061 | Lair:5   | Identified the +0 long sword of Nimeal {heavy, rElec rN+}
 15438 | Lair:5   | Received a gift from Nemelex Xobeh
 15983 | Lair:5   | Killed Fractals's ghost
 16254 | Temple   | Entered the Ecumenical Temple
 16595 | Orc:1    | Entered Level 1 of the Orcish Mines
 16821 | Orc:1    | Reached skill level 5 in Armour
 17535 | Orc:2    | Entered Level 2 of the Orcish Mines
 17535 | Orc:2    | Found Viylu's Antique Weapon Emporium.
 18657 | Orc:2    | Reached skill level 5 in Evocations
 18694 | Orc:2    | Found Uskoxin's Armour Shop.
 18704 | Orc:2    | Found a radiant altar of Vehumet.
 18751 | Orc:2    | Received a gift from Nemelex Xobeh
 18755 | Orc:2    | Found a staircase to the Elven Halls.
 18843 | Orc:2    | Found Kochunug's General Store.
 18843 | Orc:2    | Found Satruagu's General Store.
 18845 | Orc:2    | Found Jaed's General Store.
 18847 | Orc:2    | Found Vesi's Distillery.
 18851 | Orc:2    | Bought a scroll of magic mapping for 97 gold pieces
 18852 | Orc:2    | Bought a potion of curing for 33 gold pieces
 18852 | Orc:2    | Bought a scroll of magic mapping for 82 gold pieces
 18854 | Orc:2    | Bought a scroll of identify for 26 gold pieces
 18854 | Orc:2    | Bought a potion of curing for 39 gold pieces
 18854 | Orc:2    | Bought a scroll of poison for 52 gold pieces
 18854 | Orc:2    | Bought 2 potions of curing for 78 gold pieces
 18859 | Orc:2    | Bought a potion of flight for 39 gold pieces
 18859 | Orc:2    | Bought a potion of attraction for 39 gold pieces
 18859 | Orc:2    | Bought a potion of might for 52 gold pieces
 18859 | Orc:2    | Bought a potion of magic for 104 gold pieces
 18877 | Orc:2    | Bought a +5 sling of flaming for 386 gold pieces
 19168 | D:12     | Reached XP level 15. HP: 146/146 MP: 22/22
 19805 | D:13     | Received a gift from Nemelex Xobeh
 19877 | D:13     | Received a gift from Nemelex Xobeh
 20700 | D:14     | Noticed Jorgrun
 20724 | D:14     | Killed Jorgrun
 20764 | D:14     | Noticed Nessos
 20776 | D:14     | Killed Nessos
 20873 | D:14     | Received a gift from Nemelex Xobeh
 20900 | D:14     | Noticed Rupert
 20912 | D:14     | Killed Rupert
 20923 | D:14     | Noticed Roxanne
 20944 | D:14     | Killed Roxanne
 21095 | D:14     | Found Logecur's Assorted Antiques.
 21107 | D:14     | Bought a transparent ivory amulet for 195 gold pieces
 21107 | D:14     | Identified the amulet of Imopuim {Reflect +Inv Fly rF+
                  | Will- rCorr SH+5} (You bought it in a shop on level 14 of
                  | the Dungeon)
 21107 | D:14     | Bought a scroll of identify for 78 gold pieces
 21447 | D:14     | Found a gate to the Vaults.
 21677 | D:15     | Entered Level 15 of the Dungeon
 21779 | D:15     | Found a staircase to the Depths.
 22059 | D:15     | Received a gift from Nemelex Xobeh
 22194 | D:15     | Identified the +0 plate armour "Lethryol" {+Blink Dex+3
                  | Slay-3}
 22639 | Spider:1 | Entered Level 1 of the Spider Nest
 22708 | Spider:1 | Received a gift from Nemelex Xobeh
 22881 | Spider:1 | Noticed an emperor scorpion
 22892 | Spider:1 | Killed an emperor scorpion
 22920 | Spider:1 | Reached skill level 10 in Fighting
 22975 | Spider:1 | Noticed Aizul
 22994 | Spider:1 | Killed Aizul
 23117 | Spider:1 | Noticed Mlioglotl
 23129 | Spider:1 | Mlioglotl changed into Mlioglotl the wendigo
 23129 | Spider:1 | Noticed Mlioglotl
 23144 | Spider:1 | Paralysed by Mlioglotl for 1 turns
 23147 | Spider:1 | Killed Mlioglotl the wendigo
 23312 | Spider:1 | Received a gift from Nemelex Xobeh
 23387 | Spider:1 | Reached XP level 16. HP: 85/158 MP: 23/23
 23806 | Spider:1 | Paralysed by a floating eye for 3 turns
 24319 | Spider:2 | Received a gift from Nemelex Xobeh
 24615 | Spider:2 | Received a gift from Nemelex Xobeh
 24851 | Spider:2 | Noticed Louise
 24868 | Spider:2 | Killed Louise
 24990 | Spider:2 | Reached skill level 15 in Unarmed Combat
 25153 | Spider:2 | Received a gift from Nemelex Xobeh
 25536 | Spider:3 | Noticed Arachne
 25670 | Spider:3 | Killed Arachne
 26380 | Spider:4 | Entered Level 4 of the Spider Nest
 26638 | Spider:4 | Received a gift from Nemelex Xobeh
 27113 | Spider:4 | Reached XP level 17. HP: 163/179 MP: 24/24
 27467 | Spider:4 | Got a gossamer rune of Zot
 28054 | Swamp:1  | Entered Level 1 of the Swamp
 28092 | Swamp:1  | Received a gift from Nemelex Xobeh
 28098 | Swamp:1  | Identified the +1 trident of Luibof {vamp, +Blink rF+}
 28317 | Swamp:1  | Received a gift from Nemelex Xobeh
 28661 | Swamp:2  | Received a gift from Nemelex Xobeh
 28891 | Swamp:2  | Identified a scroll of acquirement
 28892 | Swamp:2  | Acquired the +0 cloak of Context {rC- rN+ Str+8 Stlth-}
 29263 | Swamp:3  | Reached skill level 15 in Fighting
 29510 | Swamp:3  | Found a transporter.
 29510 | Swamp:3  | Received a gift from Nemelex Xobeh
 29523 | Swamp:3  | Noticed Foxy's ghost (adept GrFi)
 29640 | Swamp:3  | Found a transporter.
 30002 | Swamp:3  | Killed Foxy's ghost
 30018 | Swamp:3  | Identified the ring of Hard Scrabble {rC+ rN+ Dex+4}
 30079 | Swamp:4  | Entered Level 4 of the Swamp
 30467 | Swamp:4  | Received a gift from Nemelex Xobeh
 30896 | Swamp:4  | Noticed Mara
 30897 | Swamp:4  | Mara changed into Mara the hellephant
 30897 | Swamp:4  | Noticed Mara
 30900 | Swamp:4  | Identified the +1 trident "Ezooc" {protect, Int+4}
 30911 | Swamp:4  | Killed Mara the hellephant
 31141 | Swamp:4  | Noticed the 27-headed Lernaean hydra
 31159 | Swamp:4  | Killed the 27-headed Lernaean hydra
 31328 | Swamp:4  | Got a decaying rune of Zot
 31685 | Vaults:1 | Entered Level 1 of the Vaults
 31697 | Vaults:1 | Received a gift from Nemelex Xobeh
 31704 | Vaults:1 | Found a flickering gateway to a bazaar.
 31713 | Bazaar   | Entered a bazaar
 31729 | Bazaar   | Found Dixy's Magic Scroll Emporium.
 31730 | Bazaar   | Found Nuqeez's Weapon Emporium.
 31768 | Bazaar   | Found Gobainad's Jewellery Shoppe.
 31769 | Bazaar   | Found Gaosem's Book Shoppe.
 31810 | Bazaar   | Bought a scroll of teleportation for 24 gold pieces
 31810 | Bazaar   | Bought a scroll of teleportation for 24 gold pieces
 31810 | Bazaar   | Bought a scroll of teleportation for 24 gold pieces
 31810 | Bazaar   | Bought a scroll of teleportation for 24 gold pieces
 31822 | Bazaar   | Bought 4 curare-tipped darts for 43 gold pieces
 31901 | Vaults:1 | Identified the +10 mace "Waell" {holy, rPois rC+ rN+ Int-2}
 31933 | Vaults:1 | Reached skill level 10 in Shields
 31973 | Vaults:1 | Reached XP level 18. HP: 63/193 MP: 25/25
 32282 | Vaults:1 | Received a gift from Nemelex Xobeh
 32332 | Vaults:1 | Identified the +1 robe of the Damp Catamount {rElec}
 32709 | Vaults:1 | Received a gift from Nemelex Xobeh
 33512 | Vaults:2 | Found a runed translucent door.
 33692 | Vaults:2 | Received a gift from Nemelex Xobeh
 34514 | Vaults:2 | Found Asoritt's Jewellery Emporium.
 34872 | Vaults:3 | Found a staircase to the Crypt.
 35279 | Vaults:3 | Found Raacojeh's Assorted Antiques.
 35365 | Vaults:3 | Found Qiefuraw's Assorted Antiques.
 35367 | Vaults:3 | Found Ynucza's Assorted Antiques.
 35385 | Vaults:3 | Received a gift from Nemelex Xobeh
 35385 | Vaults:3 | Found Irchimixt's Distillery.
 35395 | Vaults:3 | Bought a potion of heal wounds for 95 gold pieces
 35633 | Vaults:3 | Noticed a lich
 35638 | Vaults:3 | Noticed a golden dragon
 35644 | Vaults:3 | Killed a lich
 35668 | Vaults:3 | Demolished by a titanic slime creature

Illustrated notes

Levels and vault maps discovered:
D:1:      dpeg_arrival_oval, layout_basic, shapermc_ecumenical_altar_rom_forum
D:2:      layout_rooms
D:3:      layout_loops_ring, mainiacjoe_overflow_cross_hatched,
          nicolae_ru_great_annihilating_truth,
          nicolae_overflow_ecumenical_swirl, hangedman_decor_push,
          grunt_decor_junction, supply_closet_lemuel, st_stairs_14,
          kennysheep_jessica_study
D:4:      layout_gridville, lightli_temple_of_fire
D:5:      layout_loops_ring, uniq_pikel, uniq_grinder
D:6:      layout_cave_pools, fedhas_altar_3, nicolae_vehumet_altar_sigil,
          minmay_puff
D:7:      layout_basic, makhleb_heckhound_becter, temple_doors_cd, serial_shops,
          shop, hex_large, chequers_serial_rivers_small_a,
          minmay_increasing_density, uniq_crazy_yiuf_cottage
D:8:      cheibrodos_steamvent, layout_loops_ring, mainiacjoe_overflow_catwalk,
          nicolae_overflow_hidden_temple, uniq_joseph
D:9:      layout_irregular_city, grunt_dithmenos_smoke_and_mirrors, erik_orc_2,
          minmay_ruffians
D:10:     layout_basic, mainiacjoe_overflow_six_doors_small, elyvilon_altar_3,
          serial_shops, shop_statue
D:11:     layout_cave_pools, lair_entry_dummy, gauntlet_entry_generic,
          nicolae_gozag_zags_fifth_avenue
D:12:     layout_basic
D:13:     layout_gridville
D:14:     layout_loops_ring, david_vaults_5, minmay_staircase_windowed_small,
          serial_shops, shop, uniq_rupert, uniq_roxanne, uniq_jorgrun,
          uniq_nessos
D:15:     gammafunk_depths_entry_grave, layout_irregular_city, minivault_4,
          serial_column_ruins, column_ruins_hut, column_ruins_grid_2,
          column_ruins_grid_3, column_ruins_grid_1,
          column_ruins_columns_straight, column_ruins_corridor_T
Temple:   nicolae_temple_bog_church
Lair:1:   layout_hall_layers, st_stairs_11, uniq_erica
Lair:2:   beast_lair_carwin_large_3, layout_gridlike, infiniplex_staircase_pool
Lair:3:   layout_chaotic_city, minmay_swamp_entry_eels,
          nicolae_spider_entry_orb_guardian, lemuel_fruit_fields, uniq_urug,
          uniq_gastronok
Lair:4:   layout_loops_ring, slime_entry_2, grunt_megastairs_4
Lair:5:   evilmike_catoblepas_cave, layout_cave_shapes,
          gammafunk_ghost_necromancy, nicolae_lair_lil_pond
Swamp:1:  layout_basic_swamp, nicolae_swamp_small_spring
Swamp:2:  layout_basic_swamp, evilmike_swamp_ruin_house_6,
          infiniplex_staircase_pool_2
Swamp:3:  layout_basic_swamp, gammafunk_ghost_mausoleum,
          evilmike_swamp_ruin_house_1
Swamp:4:  swamp_old_school, layout_basic_swamp, swamp_pool3, uniq_mara
Spider:1: layout_cave_pods, uniq_aizul, uniq_mlioglotl
Spider:2: layout_chambers, uniq_louise
Spider:3: layout_spider_delve, nicolae_arachne_temple
Spider:4: guppyfry_spider_rune
Orc:1:    layout_diamond_mine, nicolae_orc_rockfall
Orc:2:    st_orc_rangers, layout_caves, serial_shops, shop,
          nicolae_shop_scrapyard, basic_altar
Vaults:1: nicolae_vaults_lightning_bolt, v_rooms_4, nicolae_vaults_trapezoid_4,
          ontoclasm_vaults_ring_small, v_misc_10,
          nicolae_vaults_little_squares_4, st_more_cells,
          nicolae_vaults_rhombus_6, nicolae_vaults_two_Ls,
          layout_vaults_chaotic_city, serial_shops, bzr_in_the_mist
Vaults:2: nicolae_vaults_door_testing_chamber, nicolae_vaults_ring_of_whatevers,
          hangedman_vaults_locks, nicolae_vaults_oozy_zoo,
          hangedman_vaults_impose, vaults_mumra_lcd, vaults_dpeg_spiral,
          nicolae_vaults_closet_pinwheel_1, nicolae_vaults_diamond_1,
          serial_ice_m, layout_vaults_omnicross, serial_shops,
          nicolae_shop_tiny_real_fake_doors
Vaults:3: vaults_dpeg_cross, v_misc_3, v_alt_pattern_5,
          minmay_crypt_entry_simple_statues,
          nicolae_vaults_storage_room_statues, nicolae_vaults_oval_intersection,
          hangedman_vaults_corner, nicolae_vaults_doubleplus_tesselated,
          vaults_room_fancy_cross, dpeg_vaults_pockets_of_resistance,
          hangedman_vaults_cutoff, nicolae_vaults_layer_cake_slice,
          layout_vaults_maze_snakey, serial_shops, nicolae_shop_stone, shop,
          nicolae_shop_dealshenge, shop

Skill      XL: |  1  2  3  4  5  6  7  8  9 10 11 12 13 14 15 16 17 18 |
---------------+-------------------------------------------------------+-----
Shields        | 3 4 5 10 11 | 11.0
Fighting       | 3 4 5 6 7 8 9 10 13 15 | 15.0
Dodging        | 3 5 6 8 10 12 | 12.9
Unarmed Combat | 3 4 5 7 9 10 12 13 14 15 | 15.0
Invocations    | 8 11 | 11.0
Throwing       | 4 7 8 |  8.0
Armour         | 1 5 8 |  8.5
Evocations     | 5 6 7 |  7.9

Action                     |  1- 3 |  4- 6 |  7- 9 | 10-12 | 13-15 | 16-18 || total
---------------------------+-------+-------+-------+-------+-------+-------++-------
  Melee: Unarmed           |   108 |   157 |   303 |   568 |  1312 |  1451 ||  3899
         Scimitar          |       |       |       |     9 |    26 |    55 ||    90
   Fire: Sling             |       |       |       |       |    13 |       ||    13
  Throw: Dart              |     1 |     1 |     8 |     1 |     3 |       ||    14
         Boomerang         |       |       |       |    38 |    20 |    89 ||   147
         Javelin           |       |       |       |       |       |    14 ||    14
 Invoke: Draw Destruction  |       |       |     4 |    16 |    22 |    16 ||    58
         Draw Summoning    |       |       |     1 |     1 |    12 |    14 ||    28
         Draw Escape       |       |       |       |     1 |       |       ||     1
         Deal Four         |       |       |       |     1 |       |     6 ||     7
         Stack Five        |       |       |       |       |     1 |     3 ||     4
         Draw Stack        |       |       |       |       |     4 |    12 ||    16
         Triple Draw       |       |       |       |       |       |     1 ||     1
  Evoke: Wand              |       |       |       |     3 |     4 |     2 ||     9
         Lightning rod     |       |       |       |       |       |     8 ||     8
    Use: Scroll            |     1 |       |     5 |     6 |     9 |    12 ||    33
         Potion            |       |       |     1 |     5 |     1 |     5 ||    12
   Stab: Sleeping          |     1 |       |       |     5 |     5 |     5 ||    16
         Paralysed         |       |     1 |       |       |       |       ||     1
         Distracted        |       |       |       |       |     3 |       ||     3
         Petrified         |       |       |       |       |     1 |       ||     1
 Armour: Robe              |    36 |    28 |    35 |    43 |    58 |       ||   200
         Steam dragon scal |       |       |       |    69 |       |       ||    69
         Quicksilver drago |       |       |       |       |   442 |   638 ||  1080
  Dodge: Dodged            |    43 |    71 |   143 |   449 |   654 |   692 ||  2052
  Block: Kite shield       |    37 |    58 |   117 |   302 |  1037 |  1486 ||  3037
         Reflection        |       |       |       |       |    52 |    29 ||    81
